 Dungeon Crawl Stone Soup version 0.29.1-2-gbd0b4ee654 (webtiles) character file.

Game seed: 5762660232531819196

1390 Ivernyr the Chiller (level 8, -25/73 HPs)
             Began as a Naga Ice Elementalist on Nov 1, 2022.
             Annihilated by an ogre
             ... wielding a +0 giant club
              (29 damage)
             ... on level 6 of the Dungeon.
             The game lasted 00:13:23 (5989 turns).

Ivernyr the Chiller (Naga Ice Elementalist)         Turns: 5989, Time: 00:13:24

Health: -25/73     AC:  3    Str: 11    XL:     8   Next: 68%
Magic:  11/16      EV: 10    Int: 18    God:
Gold:   293        SH:  0    Dex: 11    Spells: 11/18 levels left

rFire   . . .      SeeInvis +   m - +4 quarterstaff (chaos)
rCold   . . .      Faith    .   (shield currently unavailable)
rNeg    . . .      Spirit   .   a - +0 robe
rPois   +          Reflect  .   (no helmet)
rElec   .          Harm     .   (no cloak)
rCorr   .          Rampage  .   (no gloves)
Will    +....                   (no barding)
Stlth   ++........              u - amulet of regeneration
HPRegen 1.02/turn               (no ring)
MPRegen 0.15/turn               (no ring)

@: very slow
A: AC +2, large, see invisible, deformed body, poison resistance, slowness 2,
spit poison 1, naga tail 1
a: Spit Poison


You were on level 6 of the Dungeon.
You visited 2 branches of the dungeon, and saw 7 of its levels.

You collected 293 gold pieces.

Inventory:

Hand Weapons
 m - a +4 quarterstaff of chaos (weapon)
 r - a +1 flail of holy wrath
Armour
 a - a +0 robe (worn)
Jewellery
 u - an amulet of regeneration (around neck)
Wands
 s - a wand of charming (5)
Scrolls
 d - a scroll of torment {unknown}
 e - 2 scrolls of blinking {unknown}
 f - 2 scrolls of identify {unknown}
 h - a scroll of vulnerability {unknown}
 i - 5 scrolls of immolation
 k - a scroll of magic mapping {unknown}
 l - a scroll of enchant armour {unknown}
 n - a scroll of poison {unknown}
 p - a scroll of fear {unknown}
 q - a scroll of summoning {unknown}
 t - a scroll of enchant weapon {unknown}
 v - a scroll of teleportation {unknown}
 x - a scroll of noise {unknown}
 y - a scroll of silence {unknown}
Potions
 b - a potion of magic
 c - 3 potions of heal wounds {unknown}
 g - a potion of mutation {unknown}
 j - 3 potions of curing {unknown}
 o - a potion of invisibility {unknown}
 w - a potion of berserk rage {unknown}


   Skills:
 + Level 4.3 Fighting
 + Level 4.0 Dodging
 - Level 3.0 Stealth
 * Level 5.5 Spellcasting
 + Level 6.9 Ice Magic


You had 11 spell levels left.
You knew the following spells:

 Your Spells              Type           Power      Damage    Failure   Level
a - Freeze                Ice            100%       1d11      1%          1
b - Frozen Ramparts       Ice            60%        1d10      2%          3
c - Ozocubu's Armour      Ice            30%        N/A       2%          3

Your spell library contained the following spells:

 Spells                   Type           Power      Damage    Failure   Level
 Blink                    Tloc           10%        N/A       19%         2
 Hailstorm                Conj/Ice       17%        3d6       30%         4
 Conjure Flame            Conj/Fire      5%         6-21      36%         3
 Dazzling Flash           Conj/Hex       10%        N/A       36%         3
 Ignite Poison            Fire/Tmut/Pois 5%         N/A       36%         3
 Lesser Beckoning         Tloc           5%         N/A       36%         3
 Flame Wave               Conj/Fire      5%         2d5       77%         4
 Sticky Flame             Conj/Fire      5%         2d3       77%         4
 Agony                    Necr           5%         N/A       98%         5
 Manifold Assault         Tloc           5%         N/A       98%         5
 Silence                  Hex/Air        2%         N/A       98%         5
 Ozocubu's Refrigeration  Ice            15%        4d10      99%         7
 Starburst                Conj/Fire      2%         6d3       100%        6


Dungeon Overview and Level Annotations

Branches:
Dungeon (6/15)             Temple (1/1) D:4

Altars:
Ashenzari
Dithmenos
Elyvilon
Gozag
Hepliaklqana
Kikubaaqudgha
Nemelex Xobeh
Okawaru
Ru
Sif Muna
Trog
Uskayaw
Wu Jian
Xom
Yredelemnul
Zin
The Shining One

Annotations:
D:5 1 runed translucent door


Innate Abilities, Weirdness & Mutations

Your serpentine skin is tough. (AC +2)
You have supernaturally acute eyesight. (SInv)
Armour fits poorly on your strangely shaped body.
Your system is resistant to poisons. (rPois)
You cover ground very slowly.
You can spit poison.
You have a snake-like lower body.


Message History

Press: ? - help, Shift-Dir - straight line, f/p - howler monkey
Aim: a howler monkey (almost dead)
You freeze the howler monkey.
You kill the howler monkey!
An ogre comes into view. It is wielding a +0 giant club.
An ogre is nearby!
A phantom comes into view.
Okay, then.
You see here a scorpion corpse.
The phantom attacks as you move away! The phantom hits you.
The ogre attacks as you move away!
The ogre hits you with a +0 giant club!!
The phantom attacks as you move away! The phantom hits you.
The phantom hits you!
The phantom blinks!
You blink.
You barely miss the phantom. The phantom hits you.
The phantom attacks as you move away! The phantom hits you.
The phantom barely misses you.
Casting: Freeze (safe; 1% risk of failure)
Confirm with . or Enter, or press ? or * to list all spells.
Casting: Frozen Ramparts (mildly dangerous; 2% risk of failure)
Press: ? - help, Dir - look around, f - activate The walls around you are covered in ice.
The wall freezes the phantom but does no damage.
The phantom hits you!
The phantom blinks!
You blink.
The frozen ramparts melt away as you move.
Okay, then.
The phantom closely misses you.
You see here 13 gold pieces.
The ogre attacks as you move away!
The ogre hits you with a +0 giant club!!
* * * LOW HITPOINT WARNING * * *
The phantom closely misses you. The phantom attacks as you move away!
The phantom closely misses you. The ogre closely misses you.
The phantom attacks as you move away! The phantom hits you.
* * * LOW HITPOINT WARNING * * *
The phantom hits you but does no damage.
The ogre attacks as you move away!
The ogre hits you with a +0 giant club!!
You die...

.#####..##.####.##
.##.....##.####.#
<##.##<###......#
.......##########
###.......#
#.#####.####### #.#
#.......#######.
#....
#...............
#.##.##....$..@##
.............OW#
.........†..†..#
.............$.#
..!...........#
..........###......
........#.# ####.##
....(.........# #
.................


You could see an ogre and a phantom.

Vanquished Creatures
  Grinder (D:3)
  A vampire mosquito (D:5)
  An ice beast (D:5)
  An ogre (D:5)
  A phantom (D:5)
  3 scorpions
  A killer bee (D:5)
  A howler monkey (D:6)
  3 hounds
  2 jellies
  Crazy Yiuf (D:2)
  3 orc priests
  5 orc wizards
  8 adders
  A white imp (D:5)
  2 worms (D:2)
  4 dart slugs
  9 orcs (D:5)
  2 ball pythons
  4 endoplasms
  11 giant cockroaches
  5 goblins
  11 hobgoblins
  2 jackals (D:1)
  3 quokkas
  5 bats
  3 frilled lizards
  9 kobolds
  5 rats
  2 butterflies (D:5)
110 creatures vanquished.

Vanquished Creatures (collateral kills)
  2 butterflies (D:5)
2 creatures vanquished.

Vanquished Creatures (others)
  A fungus (D:2)
1 creature vanquished.

Grand Total: 113 creatures vanquished

Notes
Turn   | Place    | Note
-------+----------+-------------------------------------------
     0 | D:1      | Ivernyr the Naga Ice Elementalist began the quest for the
                  | Orb.
     0 | D:1      | Reached XP level 1. HP: 15/15 MP: 3/3
   195 | D:1      | Reached XP level 2. HP: 22/24 MP: 1/5
   506 | D:1      | Found a faded altar of an unknown god.
   684 | D:1      | Reached XP level 3. HP: 30/30 MP: 4/6
   717 | D:1      | Learned a level 3 spell: Frozen Ramparts
   774 | D:1      | Reached skill level 1 in Fighting
  1428 | D:2      | Reached XP level 4. HP: 38/38 MP: 3/7
  1492 | D:2      | Learned a level 3 spell: Ozocubu's Armour
  1798 | D:2      | Got Senkej's Codex of the Inferno
  2490 | D:2      | Found a runed translucent door.
  2491 | D:2      | Noticed Crazy Yiuf
  2500 | D:2      | Killed Crazy Yiuf
  2501 | D:2      | Reached skill level 5 in Ice Magic
  2501 | D:2      | Reached XP level 5. HP: 25/45 MP: 0/9
  2742 | D:3      | Noticed Grinder
  2745 | D:3      | Paralysed by Grinder for 3 turns
  2764 | D:3      | Killed Grinder
  2765 | D:3      | Reached XP level 6. HP: 28/55 MP: 0/10
  3860 | D:4      | Reached skill level 6 in Ice Magic
  3860 | D:4      | Reached XP level 7. HP: 61/61 MP: 10/12
  4067 | D:4      | Found a staircase to the Ecumenical Temple.
  4559 | D:5      | Entered Level 5 of the Dungeon
  4602 | Temple   | Entered the Ecumenical Temple
  4945 | D:5      | Found a runed translucent door.
  4947 | D:5      | Found a runed translucent door.
  4947 | D:5      | Noticed a vampire mosquito
  5152 | D:5      | Reached XP level 8. HP: 47/72 MP: 7/14
  5557 | D:5      | Identified the +1 chain mail of Gydghav {+Blink Str-2 SInv}
  5766 | D:5      | Reached skill level 5 in Spellcasting
  5988 | D:6      | HP: 3/73 [phantom (4)]
  5989 | D:6      | Annihilated by an ogre

Illustrated notes

Levels and vault maps discovered:
D:1:      psy_arrival_heroes, layout_loops_ring, ebering_ecumenical_altar_mist
D:2:      layout_basic, hangedman_glass_garden, uniq_crazy_yiuf_cottage
D:3:      layout_basic, grunt_ministairs_11, dreamdust_mushroom_princess,
          minmay_between, uniq_grinder
D:4:      layout_loops_cross, minmay_temple_entry_proselytizer, minivault_4,
          corexii_corridor_pit
D:5:      lemuel_insect_pit, layout_loops_cross
D:6:      layout_loops_cross, marbit_many_paths
Temple:   minmay_temple_bridge_d

Skill      XL: |  1  2  3  4  5  6  7  8 |
---------------+-------------------------+-----
Fighting       | 1 2 3 4 |  4.3
Dodging        | 2 3 4 |  4.0
Ice Magic      | 5 6 |  6.9
Spellcasting   | 3 4 5 |  5.5
Stealth        | |  3.0

Action                   |  1- 3 |  4- 6 |  7- 9 || total
-------------------------+-------+-------+-------++-------
Melee: Unarmed           |     7 |     9 |       ||    16
       Quarterstaff      |       |    11 |    78 ||    89
 Cast: Freeze            |    45 |    26 |    15 ||    86
       Frozen Ramparts   |       |     4 |     6 ||    10
       Ozocubu's Armour  |       |     3 |     5 ||     8
 Abil: Spit Poison       |     9 |    25 |    14 ||    48
  Use: Scroll            |       |       |     1 ||     1
Armor: Robe              |    12 |    11 |    32 ||    55
Dodge: Dodged            |    26 |    20 |    88 ||   134
